 Dungeon Crawl Stone Soup version 0.24-a0-279-ga7546fe674 (webtiles) character file.

Game seed: 10056316391128607534

156 HAL9000 the Sneak (level 5, 0/26 HPs)
             Began as a Vine Stalker Assassin on May 1, 2019.
             Was an Initiate of Kikubaaqudgha.
             Killed from afar by Sigmund (5 damage)
             ... with a magic dart
             ... on level 3 of the Dungeon.
             The game lasted 00:02:49 (1812 turns).

HAL9000 the Sneak (Vine Stalker Assassin)           Turns: 1812, Time: 00:02:49

Health: 0/26       AC:  3    Str: 15    XL:     5   Next: 38%
Magic:  0/6        EV: 11    Int: 11    God:    Kikubaaqudgha [......]
Gold:   156        SH:  0    Dex: 15    Spells: 4/4 levels left

rFire    . . .     SeeInvis .   a - +2 dagger
rCold    . . .     Gourm    .   (no shield)
rNeg     + . .     Faith    .   c - +0 robe
rPois    .         Spirit   +   (no helmet)
rElec    .         Reflect  .   d - +0 cloak
rCorr    .         Harm     .   (no gloves)
MR       .....                  (no boots)
Stlth    +++.......             (no amulet)
HPRegen  0.48/turn              i - ring of attention (curse)
MPRegen  0.10/turn              n - ring of positive energy

@: no status effects
A: fangs 2, regeneration 1, magic shield, antimagic bite, no potion heal 3, rot
immunity
a: Renounce Religion


You were on level 3 of the Dungeon.
You worshipped Kikubaaqudgha.
Kikubaaqudgha was noncommittal.
You were not hungry.

You visited 1 branch of the dungeon, and saw 3 of its levels.

You collected 156 gold pieces.

Inventory:

Hand Weapons
 a - a +2 dagger (weapon)
 b - a +0 blowgun
Missiles
 e - 20 poisoned needles
 f - 2 curare-tipped needles
Armour
 c - a +0 robe (worn)
 d - a +0 cloak (worn)
Jewellery
 i - a cursed ring of attention (left hand)
 n - a ring of positive energy (right hand)
Scrolls
 h - a scroll of identify
 j - 2 scrolls of immolation {unknown}
 k - 2 scrolls of remove curse {unknown}
 l - a scroll of teleportation {unknown}
 o - a scroll of amnesia {unknown}
Potions
 m - a potion of might
 p - a potion of haste
 q - a potion of brilliance
 r - a potion of lignification
Comestibles
 g - 4 rations


   Skills:
 - Level 1.7 Fighting
 + Level 3.1 Short Blades
 - Level 1.7 Throwing
 - Level 0.7 Dodging
 + Level 7.3 Stealth


You had 4 spell levels left.
You didn't know any spells.
Your spell library was empty.

Dungeon Overview and Level Annotations

Branches:
Dungeon (3/15)

Altars:
Elyvilon
Fedhas
Kikubaaqudgha
Qazlal
Xom

Annotations:
D:3 Sigmund


Innate Abilities, Weirdness & Mutations

You have extremely sharp teeth.
Your natural rate of healing is unusually fast.
When hurt, damage is shared between your health and your magic reserves.
Your bite disrupts and absorbs the magic of your enemies.
Potions cannot restore your health.
You are immune to rotting.


Message History

The howler monkey misses you.
You hit the howler monkey. You bite the howler monkey. You drain its power.
You feel invigorated.
The howler monkey is almost dead.
The howler monkey hits you but does no damage.
Something hits you.
You hit the howler monkey.
You kill the howler monkey!
Kikubaaqudgha accepts your kill.
Your Short Blades skill increases to level 3!
You see here 24 stones.
A puff of flame appears from out of thin air!
The puff of flame hits you!
The worm bites the plant.
A puff of flame appears from out of thin air!
The puff of flame hits you.
* * * LOW HITPOINT WARNING * * *
A magic dart appears from out of thin air!
The magic dart hits you!
You die...
Kikubaaqudgha rasps: "You have failed me!
Welcome... death!"

.......#......
.......#.....
.......#....
.......#w..
.......+..
.......#.#
......†#.#########
..........w.(....#
..........P.####@#
.......P.PPP##<#.#
.......PP_PP##.#.#
######.P.PPP.....#
#..PPP..#####
#########


You could see a worm.

Vanquished Creatures
  A howler monkey (D:3)
  Jessica (D:2)
  3 adders
  A worm (D:3)
  3 dart slugs (D:2)
  A leopard gecko (D:2)
  6 orcs (D:3)
  2 bats (D:1)
  3 giant cockroaches
  4 goblins
  6 hobgoblins
  3 jackals (D:2)
  A quokka (D:2)
  5 kobolds
  11 rats
51 creatures vanquished.

Notes
Turn   | Place    | Note
-------+----------+-------------------------------------------
     0 | D:1      | HAL9000 the Vine Stalker Assassin began the quest for the
                  | Orb.
     0 | D:1      | Reached XP level 1. HP: 11/11 MP: 2/2
    81 | D:1      | Reached skill level 5 in Stealth
   315 | D:1      | Reached XP level 2. HP: 11/15 MP: 1/3
   869 | D:2      | Reached XP level 3. HP: 18/18 MP: 4/4
   876 | D:2      | Reached skill level 6 in Stealth
  1069 | D:2      | Found a shimmering altar of Xom.
  1109 | D:2      | Found an ancient bone altar of Kikubaaqudgha.
  1120 | D:2      | Gained mutation: Your natural rate of healing is unusually
                  | fast. [Vine Stalker growth]
  1120 | D:2      | Reached XP level 4. HP: 20/23 MP: 3/5
  1128 | D:2      | Became a worshipper of Kikubaaqudgha
  1339 | D:2      | Found a white marble altar of Elyvilon.
  1415 | D:2      | Found a stormy altar of Qazlal.
  1447 | D:3      | Noticed Jessica
  1460 | D:2      | Killed Jessica
  1616 | D:3      | Reached skill level 7 in Stealth
  1739 | D:3      | Found a blossoming altar of Fedhas.
  1765 | D:3      | Reached XP level 5. HP: 23/26 MP: 6/6
  1779 | D:3      | Noticed Sigmund
  1812 | D:3      | Killed from afar by Sigmund

Levels and vault maps discovered:
D:1:      lemuel_arrival_muddy, layout_loops_ring
D:2:      layout_basic, kiku_gazebo_pond_becter, overflow_temple_1_default,
          old_standard_altar, lemuel_coloured_pillars_altar
D:3:      layout_basic, fedhas_altar_3, uniq_sigmund, uniq_jessica

Skill      XL: |  1  2  3  4  5 |
---------------+----------------+-----
Stealth        | 5 6 7 |  7.3
Short Blades   | 2 3 |  3.1
Fighting       | |  1.7
Throwing       | |  1.7
Dodging        | |  0.7

Action                   |  1- 3 |  4- 6 || total
-------------------------+-------+-------++-------
Melee: Dagger            |    78 |    65 ||   143
       Bite              |    22 |    20 ||    42
  Use: Scroll            |       |     4 ||     4
 Stab: Sleeping          |    10 |       ||    10
  Eat: Chunk             |     1 |     2 ||     3
Armor: Robe              |    15 |    11 ||    26
Dodge: Dodged            |    37 |    36 ||    73

Table legend:
 A = Non-vault XP
 B = Vault XP
 C = Vault XP percentage of total XP
 D = Non-vault monster count
 E = Vault monster count
 F = Vault count percentage of total count
                 A         B        C        D         E       F
            +---------+---------+-------+---------+---------+-------
      Total |     187 |      37 |  16.5 |      50 |       1 |   2.0
            +---------+---------+-------+---------+---------+-------
        D:1 |      19 |       0 |   0.0 |      15 |       0 |   0.0
        D:2 |      69 |      37 |  34.9 |      23 |       1 |   4.2
        D:3 |      99 |       0 |   0.0 |      12 |       0 |   0.0
            +---------+---------+-------+---------+---------+-------
